 Dungeon Crawl Stone Soup version 0.31-a0-1074-g0b22e4e0f1 (webtiles) character file.

Game seed: 3131042106734757493

2108 grandjackal the Frost Mage (level 9, -1/72 HPs)
             Began as a Barachi Ice Elementalist on Nov 29, 2023.
             Was an Initiate of Vehumet.
             Slain by Maurice
             ... wielding a +0 short sword
              (10 damage)
             ... on level 7 of the Dungeon.
             The game lasted 00:10:52 (5747 turns).

grandjackal the Frost Mage (BaIE)                   Turns: 5747, Time: 00:10:52

Health: -1/72      AC:  6    Str:  9    XL:     9   Next: 28%
Magic:  12/18      EV: 16    Int: 20    God:    Vehumet [......]
Gold:   0          SH:  5    Dex: 13    Spells: 13/20 levels left

rFire   + . .        k - staff of air
rCold   . . .        (no shield)
rNeg    . . .        f - +0 leather armour {rF+}
rPois   .            n - +0 helmet
rElec   +            z - +0 cloak
rCorr   .            q - +0 pair of gloves
SInv    .            (no boots)
Will    .....        u - amulet of reflection
Stlth   ++           c - +5 ring of evasion
HPRegen 0.32/turn    r - ring of wizardry
MPRegen 0.16/turn

%: reflection, wizardry (x1)
@: freezing walls, slow
A: amphibious, slowness 1, strong legs 1, +LOS
a: Hop, Renounce Religion


You were on level 7 of the Dungeon.
You worshipped Vehumet.
Vehumet was noncommittal.
You visited 2 branches of the dungeon, and saw 8 of its levels.

Inventory:

Missiles
 g - 8 poisoned darts
Armour
 f - a +0 leather armour of fire resistance (worn)
 n - a +0 helmet (worn)
 q - a +0 pair of gloves (worn)
 z - a +0 cloak (worn)
Magical Staves
 k - a staff of air (weapon)
Jewellery
 c - a +5 ring of evasion (left hand)
 r - a ring of wizardry (right hand)
 u - an amulet of reflection (around neck)
Scrolls
 a - a scroll of poison {unknown}
 e - a scroll of vulnerability {unknown}
 h - 5 scrolls of identify {unknown}
 i - a scroll of enchant armour {unknown}
 s - 2 scrolls of fear {unknown}
 t - a scroll of torment {unknown}
 y - a scroll of blinking {unknown}
 B - a scroll of noise {unknown}
Potions
 b - a potion of magic
 j - a potion of might {unknown}
 l - a potion of heal wounds {unknown}
 m - 3 potions of curing
 o - a potion of haste {unknown}
 p - 3 potions of lignification
 v - 2 potions of mutation {unknown}
 w - 2 potions of degeneration {unknown}
 A - 2 potions of resistance {unknown}


   Skills:
 + Level 7.0 Fighting
 + Level 6.1 Staves
 - Level 2.1 Dodging
 - Level 2.0 Stealth
 + Level 6.3 Spellcasting
 + Level 8.7 Ice Magic


You had 13 spell levels left.
You knew the following spells:

 Your Spells              Type           Power      Damage    Failure   Level
a - Freeze                Ice            100%       1d10      1%          1
b - Frozen Ramparts       Ice            82%        1d13      1%          3
c - Ozocubu's Armour      Ice            41%        N/A       1%          3

Your spell library contained the following spells:

 Spells                   Type           Power      Damage    Failure   Level
 Kiss of Death            Conj/Necr      24%        2d7       6%          1
 Lesser Beckoning         Tloc           12%        N/A       9%          2
 Summon Ice Beast         Ice/Summ       23%        N/A       10%         4
 Confusing Touch          Hex            6%         N/A       16%         3
 Gell's Gravitas          Tloc           6%         N/A       16%         3
 Teleport Other           Tloc           6%         N/A       16%         3
 Dispel Undead            Necr           6%         3d8       45%         4


Dungeon Overview and Level Annotations

Branches:
Dungeon (7/15)             Temple (1/1) D:4

Altars:
Ashenzari
Fedhas
Hepliaklqana
Kikubaaqudgha
Nemelex Xobeh
Okawaru
Qazlal
Ru
Sif Muna
Uskayaw
Vehumet
Wu Jian
Xom
Yredelemnul
Zin
The Shining One

Annotations:
D:2 1 runed translucent door, Crazy Yiuf
D:3 3 runed translucent doors, exclusion: door, ChaoticPyre's ghost, amateur SpEn; Zircon22's ghost, amateur MiFi; bmb222's ghost, amateur OpSh
D:7 Maurice


Innate Abilities, Weirdness & Mutations

You are amphibious.
You cover ground slowly.
You can hop short distances.
You have an extended range of vision and can be seen from far away.


Message History

You hear a zap.
Your mind is blasted!
* * * LOW HITPOINT WARNING * * *
Unknown command.
Casting: Frozen Ramparts (safe; 1% risk of failure)
Confirm with . or Enter, or press ? or * to list all spells.
Aiming: Freeze (safe; 1% risk of failure)
Press: ? - help, Shift-Dir - straight line You freeze something.
The wall freezes something but does no damage.
You hear some strange, mumbled words.
Unknown command.
Unknown command.
A poisoned dart appears from out of thin air!
The poisoned dart barely misses you.
The frozen ramparts melt away as you move.
Casting: Freeze (safe; 1% risk of failure)
Confirm with . or Enter, or press ? or * to list all spells.
Casting: Frozen Ramparts (safe; 1% risk of failure)
Press: ? - help, Dir - look around, f - activate A rock wall.
The walls around you are covered in ice.
The wall freezes something.
Casting: Frozen Ramparts (safe; 1% risk of failure)
Confirm with . or Enter, or press ? or * to list all spells.
Aiming: Freeze (safe; 1% risk of failure)
Press: ? - help, Shift-Dir - straight line You freeze something.
The wall freezes something but does no damage.
Something hits you.
* * * LOW HITPOINT WARNING * * *
Something mutters, "Now where did you hide it?"
You block something's attack.
Unknown command.
Casting: Freeze (safe; 1% risk of failure)
Confirm with . or Enter, or press ? or * to list all spells.
Aiming: Freeze (safe; 1% risk of failure)
Press: ? - help, Shift-Dir - straight line You freeze something.
The wall freezes something.
Something hits you!
You die...

#....f............# #.#
....$.............# #.#
.......................
........#.........#.#.####.#
........#...........#......#
........#......(..###.###
....)...####............#
#.##............{####.#<# #.
#............@#......# #
#........##+#.#.##...# ...
#.# #...# ... ....# #.#
###..# ... .... ..# .#.##
..# #.#.# ..#


There were no monsters in sight!

Vanquished Creatures
  Pikel (D:5)
  Prince Ribbit (D:5)
  Sigmund (D:2)
  A water moccasin (D:7)
  Duvessa (D:5)
  An ogre (D:6)
  2 lemures (D:5)
  A kobold brigand (D:5)
  A bullfrog (D:6)
  A gnoll sergeant (D:7)
  2 scorpions (D:5)
  Dowan (D:5)
  4 killer bees (D:6)
  2 hounds
  3 jellies
  3 iguanas
  An orc wizard (D:4)
  2 sleepcaps
  3 gnolls (D:7)
  5 adders
  A shadow imp (D:6)
  2 worms
  16 orcs
  5 endoplasms
  4 giant cockroaches
  5 goblins
  6 hobgoblins
  13 kobolds
  6 quokkas
  4 ball pythons
  5 bats
  3 frilled lizards
  5 rats
112 creatures vanquished.

Notes
Turn   | Place    | Note
-------+----------+-------------------------------------------
     0 | D:1      | grandjackal the Barachi Ice Elementalist began the quest
                  | for the Orb.
     0 | D:1      | Reached XP level 1. HP: 13/13 MP: 3/3
   142 | D:1      | Reached skill level 5 in Ice Magic
   170 | D:1      | Reached XP level 2. HP: 19/19 MP: 1/5
   493 | D:1      | Reached skill level 1 in Fighting
   624 | D:1      | Reached XP level 3. HP: 23/26 MP: 5/7
   954 | D:2      | Noticed Sigmund
   960 | D:2      | Learned a level 3 spell: Frozen Ramparts
   975 | D:2      | Killed Sigmund
   976 | D:2      | Reached XP level 4. HP: 28/34 MP: 1/9
   976 | D:2      | Reached XP level 5. HP: 32/40 MP: 1/10
  1231 | D:2      | Found a runed translucent door.
  1232 | D:2      | Noticed Crazy Yiuf
  1330 | D:2      | Reached skill level 6 in Ice Magic
  1677 | D:3      | Reached XP level 6. HP: 47/47 MP: 8/11
  1732 | D:3      | Learned a level 3 spell: Ozocubu's Armour
  1779 | D:3      | Found a sparkling altar of Nemelex Xobeh.
  1938 | D:3      | Found an ancient bone altar of Kikubaaqudgha.
  1999 | D:3      | Found a runed translucent gate.
  1999 | D:3      | Found a runed translucent gate.
  2008 | D:3      | Found a runed translucent gate.
  2009 | D:3      | Noticed bmb222's ghost (amateur OpSh)
  2009 | D:3      | Noticed Zircon22's ghost (amateur MiFi)
  2009 | D:3      | Noticed ChaoticPyre's ghost (amateur SpEn)
  2095 | D:3      | Found a basalt altar of Yredelemnul.
  2123 | D:3      | Found a blossoming altar of Fedhas.
  2173 | D:3      | Found a glowing golden altar of the Shining One.
  2318 | D:3      | Identified the orb of the Ecumenical Temple {*Rage, rC-
                  | MP+9 Str+8}
  2802 | D:4      | Found a staircase to the Ecumenical Temple.
  2818 | Temple   | Entered the Ecumenical Temple
  2823 | Temple   | Became a worshipper of Sif Muna the Loreminder
  2918 | D:4      | Found a radiant altar of Vehumet.
  2927 | D:4      | Fell from the grace of Sif Muna
  2927 | D:4      | Became a worshipper of Vehumet
  3450 | D:5      | Entered Level 5 of the Dungeon
  3463 | D:5      | Reached XP level 7. HP: 47/53 MP: 5/13
  3607 | D:5      | Noticed Dowan
  3609 | D:5      | Noticed Duvessa
  3619 | D:5      | Killed Duvessa
  3627 | D:5      | Killed Dowan
  3628 | D:5      | Reached skill level 7 in Ice Magic
  3913 | D:5      | Noticed Pikel
  3929 | D:5      | Killed Pikel
  3930 | D:5      | Reached skill level 5 in Fighting
  3930 | D:5      | Reached skill level 5 in Staves
  3930 | D:5      | Reached skill level 5 in Spellcasting
  3930 | D:5      | Reached XP level 8. HP: 48/64 MP: 2/16
  4472 | D:5      | Noticed Prince Ribbit
  4477 | D:5      | Killed Prince Ribbit
  4478 | D:5      | Reached skill level 8 in Ice Magic
  4780 | D:6      | Reached XP level 9. HP: 35/71 MP: 8/17
  5645 | D:7      | Noticed Maurice
  5687 | D:7      | Something stole a ring of ice
  5689 | D:7      | Something stole 18 poisoned darts
  5720 | D:7      | Something stole a +0 dagger
  5726 | D:7      | Maurice stole 200 gold
  5747 | D:7      | Slain by Maurice

Illustrated notes

Levels and vault maps discovered:
D:1:      erik_arrival_orb_chamber, layout_rooms, kennysheep_boxes
D:2:      layout_basic, uniq_sigmund, uniq_crazy_yiuf_cottage
D:3:      layout_basic, mainiacjoe_overflow_surrounded_room,
          yredelemnul_forgotten_temple_becter, mainiacjoe_overflow_chevrons,
          nemelex_spade_bored_becter, tso_altar, gammafunk_ghost_cemetery
D:4:      layout_basic, vehumet_crystals, minmay_temple_entry_enclosed_plants
D:5:      layout_loops_ring, uniq_duvessa, uniq_pikel, uniq_prince_ribbit1
D:6:      layout_loops_ring, glass_columns_a
D:7:      layout_basic, trog_butcher_becter, elyvilon_altar_4, uniq_maurice
Temple:   hellmonk_temple_micro_hex

Skill      XL: |  1  2  3  4  5  6  7  8  9 |
---------------+----------------------------+-----
Stealth        | 2 |  2.0
Ice Magic      | 5 6 7 8 |  8.7
Fighting       | 1 2 3 5 6 7 |  7.0
Staves         | 2 3 5 6 |  6.1
Spellcasting   | 3 4 5 6 |  6.3
Dodging        | |  2.1

Action                     |  1- 3 |  4- 6 |  7- 9 || total
---------------------------+-------+-------+-------++-------
  Melee: Dagger            |    58 |       |       ||    58
         Staff             |    12 |    92 |    34 ||   138
         Punch             |       |     1 |     1 ||     2
   Cast: Freeze            |    24 |    59 |    52 ||   135
         Frozen Ramparts   |     1 |     3 |    22 ||    26
         Ozocubu's Armour  |       |       |     1 ||     1
    Use: Potion            |     1 |       |     5 ||     6
   Stab: Sleeping          |     3 |     5 |     1 ||     9
 Armour: Robe              |     5 |       |       ||     5
         Leather armour    |    25 |    52 |    38 ||   115
         Skin              |       |       |    20 ||    20
  Dodge: Dodged            |    69 |    98 |    47 ||   214
  Block: Other             |       |    11 |    21 ||    32
         Reflection        |       |     2 |       ||     2

Table legend: (Time is in decaauts)
 A = Elapsed time spent in this place.
 B = Non-inter-level travel time spent in this place.
 C = Inter-level travel time spent in this place.
 D = Time resting spent in this place.
 E = Time spent auto-exploring this place.
 F = Levels seen in this place.
 G = Mean time per level.
                   A        B        C        D        E       F      G
               +--------+--------+--------+--------+--------+-----+--------+
         Total |   6417 |   6251 |    166 |   1552 |   3585 |   8 |  802.1 |
       Dungeon |   6405 |   6239 |    166 |   1552 |   3585 |   7 |  915.0 |
        Temple |     12 |     12 |      0 |      0 |      0 |   1 |   12.0 |
               +--------+--------+--------+--------+--------+-----+--------+

Top non-repeatable levels by time:
     D:5: 1315 daAuts
     D:6: 1077 daAuts
     D:4: 1043 daAuts
     D:1: 976 daAuts
     D:3: 958 daAuts
     D:2: 888 daAuts
     D:7: 145 daAuts
  Temple: 12 daAuts
